 Dungeon Crawl Stone Soup version 0.18.1-47-g9310371 (webtiles) character file.

541 rockintein the Chopper (level 7, -3/61 HPs)
             Began as a Minotaur Berserker on June 15, 2016.
             Was a Priest of Trog.
             Slain by an ogre
             ... wielding a +0 giant club
              (15 damage)
             ... on level 5 of the Dungeon.
             The game lasted 00:06:29 (4159 turns).

rockintein the Chopper (Minotaur Berserker)         Turns: 4159, Time: 00:06:30

Health: -3/61      AC:  9    Str: 24      XL:     7   Next: 5%
Magic:  6/6        EV:  8    Int:  3 (4)  God:    Trog [***...]
Gold:   160        SH:  0    Dex:  9      Spells: 0 memorised, 6 levels left

rFire  . . .     SeeInvis .     a - +0 hand axe
rCold  . . .     Gourm    .     l - +0 chain mail
rNeg   . . .     Faith    .     (no shield)
rPois  .         Spirit   .     (helmet restricted)
rElec  .         Dismiss  .     (no cloak)
rCorr  .         Reflect  .     (no gloves)
SustAt +         Harm     .     (no boots)
MR     +++..                    (no amulet)
Stlth  ..........               r - ring of sustain attributes
                                (no ring)

@: regenerating, extremely resistant to hostile enchantments, extremely
unstealthy
A: retaliatory headbutt, horns 2, magic resistance 1
a: Berserk, Trog's Hand, Burn Spellbooks, Renounce Religion


You were on level 5 of the Dungeon.
You worshipped Trog.
Trog was most pleased with you.
You were not hungry.

You visited 1 branch of the dungeon, and saw 5 of its levels.

You collected 160 gold pieces.

Inventory:

Hand Weapons
 a - a +0 hand axe (weapon)
Armour
 l - a +0 chain mail (worn)
 o - a +0 large shield
Jewellery
 j - an uncursed ring of stealth
 r - a ring of sustain attributes (right hand)
Scrolls
 b - a scroll of fear
 d - 4 scrolls of amnesia
 g - a scroll of remove curse
 m - 3 scrolls of identify
 q - a scroll of teleportation {unknown}
 s - 2 scrolls of magic mapping {unknown}
Potions
 e - a potion of heal wounds {unknown}
 f - 4 potions of brilliance
 h - 3 potions of curing
 i - a potion of mutation {unknown}
 k - a potion of agility {unknown}
 z - a potion of resistance
 B - a potion of ambrosia
Books
 t - a book of Death

   Spells                             Type                      Level
   a - Corpse Rot                     Necromancy                   2
   b - Sublimation of Blood           Necromancy                   2
   c - Agony                          Necromancy                   5
   d - Dispel Undead                  Necromancy                   5
   e - Excruciating Wounds            Charms/Necromancy            5
   f - Bolt of Draining               Conjuration/Necromancy       5
   Trog disapproves of the use of such an item.
Comestibles
 c - 5 bread rations
 n - a slice of pizza
 p - a fruit
 u - 3 meat rations
 v - 3 chunks of flesh


   Skills:
 + Level 5.6 Fighting
 * Level 7.4 Axes
 + Level 4.7 Armour
 - Level 2.1 Dodging
 + Level 1.3 Shields


You had 6 spell levels left.
You didn't know any spells.

Dungeon Overview and Level Annotations

Branches:
Dungeon (5/15)
 Temple: D:4-7

Altars:
Vehumet

Shops:
D:4 %%

Annotations:
D:5 Aksel's ghost, novice HOFi


Innate Abilities, Weirdness & Mutations

You reflexively headbutt those who attack you in melee.
You have a pair of horns on your head.
You are resistant to hostile enchantments.


Message History

You hit the ogre but do no damage.
The ogre is moderately wounded.
The ogre hits you with a giant club!
You barely miss the ogre.
The ogre is moderately wounded.
The ogre hits you with a giant club!
You hit the ogre.
The ogre is moderately wounded.
You hit the ogre but do no damage.
The ogre is moderately wounded.
The ogre hits you with a giant club!
Your chain mail prevents you from hitting the ogre.
The ogre is moderately wounded.
The ogre hits you with a giant club!
* * * LOW HITPOINT WARNING * * *
You are too injured to fight recklessly!
Your skin crawls.
You feel resistant to hostile enchantments.
You feel slightly more hungry. The ogre hits you with a giant club!
You die...

#... #...# ##...##
#.....# #.....##
#####......#
#.........<####
#####.###.........#
#...O@..#......##(#
#.###.#......#.# #
...###......# ###.#
##..#### #.. .....
#.# .......#
#.##.......#
..##.......# .....#


You could see an ogre.

Vanquished Creatures
  The ghost of Gagarin the Gusty, an amateur HaAE (D:3)
  An ogre (D:4)
  A crimson imp (D:3)
  An orc wizard (D:3)
  Ijyb (D:2)
  A worker ant (D:4)
  5 adders
  3 gnolls (D:2)
  An ooze (D:2)
  5 worms
  A giant gecko (D:3)
  4 orcs (D:3)
  8 bats
  4 giant cockroaches
  5 goblins
  7 hobgoblins
  10 jackals
  8 kobolds
  2 quokkas
  3 ball pythons
  8 giant newts
  7 rats
87 creatures vanquished.

Notes
Turn   | Place    | Note
--------------------------------------------------------------
     0 | D:1      | rockintein the Minotaur Berserker began the quest for the Orb.
     0 | D:1      | Reached XP level 1. HP: 19/19 MP: 0/0
   295 | D:1      | Reached skill level 4 in Axes
   307 | D:1      | Reached XP level 2. HP: 26/27 MP: 1/1
   555 | D:1      | Reached ** piety under Trog
  1147 | D:2      | Reached XP level 3. HP: 29/33 MP: 2/2
  1369 | D:2      | Noticed Ijyb
  1385 | D:2      | Killed Ijyb
  1385 | D:2      | Reached skill level 5 in Axes
  1385 | D:2      | Reached XP level 4. HP: 40/40 MP: 3/3
  1447 | D:2      | You fall through a shaft for 2 floors!
  1538 | D:3      | Noticed Gagarin's ghost (amateur HaAE)
  1552 | D:3      | Killed Gagarin's ghost
  1552 | D:3      | Reached skill level 5 in Fighting
  1552 | D:3      | Reached skill level 6 in Axes
  1552 | D:3      | Reached XP level 5. HP: 48/48 MP: 4/4
  1552 | D:3      | Reached XP level 6. HP: 56/56 MP: 5/5
  2218 | D:2      | Found a radiant altar of Vehumet.
  2226 | D:2      | Reached *** piety under Trog
  2239 | D:2      | Reached skill level 7 in Axes
  2499 | D:2      | Gained mutation: You are resistant to hostile enchantments. [potion of beneficial mutation]
  2985 | D:4      | Found Kiukho Weena's Food Shop.
  3092 | D:4      | Found Loadghorgh's Food Emporium.
  3213 | D:4      | Reached skill level 1 in Shields
  3213 | D:4      | Reached XP level 7. HP: 25/61 MP: 6/6
  3842 | D:5      | Entered Level 5 of the Dungeon
  3842 | D:5      | Noticed Aksel's ghost (novice HOFi)
  4159 | D:5      | Slain by an ogre

Skill      XL: |  1  2  3  4  5  6 |
---------------+-------------------+-----
Axes           | 4 5 6 7 |  7.4
Armour         | 3 4 |  4.7
Fighting       | 4 5 |  5.6
Shields        | 1 |  1.3
Dodging        | |  2.1

Action                   |  1- 3 |  4- 6 |  7- 9 || total
-------------------------+-------+-------+-------++-------
Melee: Hand axe          |    80 |   151 |    36 ||   267
       Headbutt          |     7 |    21 |    11 ||    39
Invok: Berserk           |     1 |     2 |       ||     3
       Trog's Hand       |       |     2 |     2 ||     4
  Use: Scroll            |       |     8 |       ||     8
       Potion            |       |     6 |       ||     6
  Eat: Chunk             |     1 |     9 |     1 ||    11
       Fruit             |       |       |     3 ||     3
Armor: Ring mail         |    17 |       |       ||    17
       Chain mail        |    18 |    90 |     6 ||   114
Dodge: Dodged            |    47 |    62 |     8 ||   117
